 Dungeon Crawl Stone Soup version 0.21-a0-94-gdd6ab6a (webtiles) character file.

6160 nubinia the Zephyrmancer (level 10, -3/46 HPs)
             Began as a Tengu Air Elementalist on July 2, 2017.
             Was an Elder of Sif Muna.
             Slain by a yak (8 damage)
             ... on level 11 of the Dungeon on July 3, 2017.
             The game lasted 01:00:12 (13401 turns).

nubinia the Zephyrmancer (Tengu Air Elementalist)  Turns: 13401, Time: 01:00:13

Health: -3/46      AC:  7    Str:  9    XL:     10   Next: 90%
Magic:  0/22       EV:  2    Int: 18    God:    Sif Muna [****..]
Gold:   64         SH:  0    Dex: 17    Spells: 7/24 levels left

rFire    x . .     SeeInvis .   v - +0 mace of Peril {holy, Dex+2}
rCold    + . .     Gourm    .   p - +0 buckler
rNeg     + + +     Faith    .   a - +1 robe
rPois    ∞         Spirit   +   H - +1 hat
rElec    .         Reflect  .   (no cloak)
rCorr    .         Harm     .   l - +0 pair of gloves {archery}
MR       .....     Rnd*Rage +   (boots unavailable)
Stlth    ++........             w - amulet of guardian spirit
HPRegen  0.15/turn              n - ring of ice
MPRegen  0.18/turn              (no ring)

@: about to teleport, petrified, flying quickly and evasively, divine energy,
quick
A: beak, talons 3, thin metallic scales 1, berserk 1, frail 1, evolution 1, able
to fly 1
a: Stop Divine Energy, Channel Magic, Forget Spell, Renounce Religion


You were on level 11 of the Dungeon.
You worshipped Sif Muna.
Sif Muna was greatly pleased with you.
You were near starving.

You visited 2 branches of the dungeon, and saw 12 of its levels.

You collected 598 gold pieces.
You spent 534 gold pieces at shops.

Inventory:

Hand Weapons
 d - a +1 dagger
 v - the +0 mace of Peril (weapon) {holy, Dex+2}
   (You found it on level 5 of the Dungeon)

   It has been blessed by the Shining One to cause great damage to the undead
   and demons.
   It affects your dexterity (+2).
Armour
 a - a +1 robe (worn)
 l - a +0 pair of gloves of archery (worn)
 p - a +0 buckler (worn)
 z - the -6 pair of gloves of Incorporation {rF+++ Str-5 Int-3}
   (You bought it in a shop on level 8 of the Dungeon)

   It affects your strength (-5).
   It affects your intelligence (-3).
   It renders you almost immune to fire.
 H - a +1 hat (worn)
Jewellery
 n - a ring of ice (left hand)
 w - an amulet of guardian spirit (around neck)
Wands
 g - a wand of lightning (0/15)
 t - a wand of lightning (0/15)
 x - a wand of paralysis (12/24)
 y - a wand of flame (25/48)
 D - a wand of flame (1/48)
 E - a wand of polymorph (8/24)
 K - a wand of disintegration (11/24)
Scrolls
 e - 2 scrolls of magic mapping
 q - 3 scrolls of teleportation
 r - 2 scrolls of enchant armour
 L - a scroll of remove curse
Potions
 i - 3 potions of curing
 k - 2 potions of flight
 o - 2 potions of ambrosia
 s - a potion of might
 A - a potion of resistance
 G - a potion of lignification
 I - a potion of brilliance
 J - a potion of haste {unknown}
Books
 b - a book of Air

   Spells                             Type                      Level
   a - Shock                          Conjuration/Air              1
   b - Swiftness                      Charms/Air                   2
   c - Static Discharge               Conjuration/Air              3
   d - Airstrike                      Air                          4
   e - Lightning Bolt                 Conjuration/Air              5
 h - a book of Minor Magic

   Spells                             Type                      Level
   a - Magic Dart                     Conjuration                  1
   b - Blink                          Translocation                2
   c - Call Imp                       Summoning                    2
   d - Slow                           Hexes                        2
   e - Conjure Flame                  Conjuration/Fire             3
   f - Mephitic Cloud                 Conjuration/Poison/Air       3
 F - a book of Geomancy

   Spells                             Type                      Level
   a - Sandblast                      Earth                        1
   b - Passwall                       Transmutation/Earth          2
   c - Stone Arrow                    Conjuration/Earth            3
   d - Petrify                        Transmutation/Earth          4
   e - Lee's Rapid Deconstruction     Earth                        5
Comestibles
 c - 6 bread rations
 f - 27 fruits
 j - 9 meat rations
 m - a chunk of flesh


   Skills:
 + Level 1.5 Fighting
 + Level 1.2 Short Blades
 + Level 1.5 Maces & Flails
 + Level 3.5 Dodging
 + Level 3.2 Stealth
 + Level 0.2 Shields
 + Level 7.7 Spellcasting
 * Level 8.1 Conjurations
 * Level 4.8 Fire Magic
 * Level 13.7 Air Magic
 + Level 0.2 Poison Magic
 + Level 0.4 Evocations


You had 7 spell levels left.
You knew the following spells:

 Your Spells              Type           Power        Failure   Level  Hunger
a - Shock                 Conj/Air       ####         1%          1    None
b - Airstrike             Air            ######....   1%          4    ###....
c - Static Discharge      Conj/Air       #####...     1%          3    #......
d - Magic Dart            Conj           ####         1%          1    None
e - Mephitic Cloud        Conj/Pois/Air  ####....     2%          3    #......
f - Conjure Flame         Conj/Fire      ####....     3%          3    #......
s - Swiftness             Chrm/Air       ####....     1%          2    None


Dungeon Overview and Level Annotations

Branches:
Dungeon (11/15)            Temple (1/1) D:6            Lair (0/6) D:11
    Orc: D:9-12

Altars:
Fedhas
Hepliaklqana
Kikubaaqudgha
Makhleb
Nemelex Xobeh
Okawaru
Sif Muna
Uskayaw
Vehumet
Xom
Yredelemnul
Zin

Shops:
D:5 *%   D:8 [   D:10 !%

Annotations:
D:4 Dowan, Duvessa, Menkaure
D:5 exclusions: troll and 1 more exclusion
D:8 1 runed door, exclusion: orange crystal statue
D:11 Fannar


Innate Abilities, Weirdness & Mutations

You have a beak for a mouth.
You have claws for feet.
You can fly.
You are partially covered in thin metallic scales. (AC +2)
You tend to lose your temper in combat.
You are frail. (-10% HP)
You evolve.


Message History

The shadow slips into darkness.
The shadow flickers and vanishes!
Deactivating autopickup; reactivate with Ctrl-A.
Your limbs are stiffening.
Found 20 gold pieces.
As you read the scroll of teleportation, it crumbles to dust.
You feel strangely unstable. The yak gores you.
The porcupine bites you but does no damage.
The yak barely misses you. The ice beast hits you.
* * * LOW HITPOINT WARNING * * *
The ice beast freezes you. You resist.
* * * LOW HITPOINT WARNING * * *
The porcupine misses you.
You have turned to stone.
The shadow strikes at the fungus from the darkness!
Reactivating autopickup.
Something hits the bush but does no damage.
The porcupine bites you!
* * * LOW HITPOINT WARNING * * *
The yak gores you!!
You die...

...........?.#
..........<.....#
................#
..$P........###.#
$.P.........# #÷#
.P....PY..P.# #.#
..P...Pt....# #.#
......rPYPl.# #(#
..P.>.P@♣...# #Y#
...PP.PPY...# #.#
P...PP.PW...###.#
P.........♣...e.#
.P........P.....#
............###.#
.PPr.P.....## #.#
##.....##### #.#
#..### #.#


You could see Fannar, 2 yaks, a basilisk, a crocodile, an ice beast, a shadow
and 2 porcupines.

Vanquished Creatures
  The ghost of Kenran the Basher, a novice DsCK of Makhleb (D:10)
  Urug (D:10)
  2 hornets
  2 hippogriffs
  A wyvern (D:7)
  2 yaks (D:11)
  A water moccasin (D:9)
  3 porcupines (D:11)
  An orc warrior (D:6)
  8 ice beasts
  2 sky beasts
  A black bear (D:9)
  2 ogres
  3 centaurs
  2 crocodiles
  A big kobold (D:8)
  4 bullfrogs
  A wyvern zombie (D:9)
  2 scorpions
  A howler monkey (D:5)
  A centaur zombie (D:7)
  2 crimson imps
  A quasit (D:8)
  A bullfrog zombie (D:7)
  A centaur skeleton (D:6)
  3 hounds
  3 orc priests
  2 gnoll shamans
  4 iguanas
  7 orc wizards
  Ijyb (D:4)
  6 worker ants
  A killer bee zombie (D:7)
  A hound skeleton (D:4)
  3 worker ant zombies
  11 gnolls
  2 howler monkey skeletons (D:4)
  8 adders
  A shadow imp (D:9)
  An ooze (D:4)
  3 adder zombies
  2 worms
  A dart slug (D:1)
  9 leopard geckos
  17 orcs
  A ball python (D:4)
  2 giant cockroaches
  12 goblins
  5 hobgoblins
  7 jackals
  4 kobolds
  3 quokkas
  8 bats
  3 frilled lizards
  A leopard gecko skeleton (D:4)
  2 quokka skeletons
  9 rats
190 creatures vanquished.

Vanquished Creatures (others)
  A sky beast (D:5)
  A centaur (D:6)
  An orc wizard (D:6)
  A gnoll (D:6)
  An adder (D:6)
  A plant (D:11)
6 creatures vanquished.

Grand Total: 196 creatures vanquished

Notes
Turn   | Place    | Note
-------+----------+-------------------------------------------
     0 | D:1      | nubinia the Tengu Air Elementalist began the quest for the Orb.
     0 | D:1      | Reached XP level 1. HP: 10/10 MP: 4/4
   182 | D:1      | Reached XP level 2. HP: 15/15 MP: 3/6
   673 | D:1      | Learned a level 2 spell: Swiftness
   987 | D:2      | Reached XP level 3. HP: 19/19 MP: 2/7
  1033 | D:2      | Learned a level 3 spell: Static Discharge
  1616 | D:3      | Reached skill level 5 in Air Magic
  1616 | D:3      | Reached XP level 4. HP: 21/24 MP: 1/9
  2034 | D:3      | Gained mutation: You can fly. [Tengu growth]
  2034 | D:3      | Reached XP level 5. HP: 28/28 MP: 7/10
  2063 | D:3      | Learned a level 4 spell: Airstrike
  2394 | D:3      | Noticed an ogre
  2400 | D:3      | Killed an ogre
  2400 | D:3      | Reached skill level 1 in Short Blades
  2467 | D:3      | Reached XP level 6. HP: 33/33 MP: 4/12
  3086 | D:4      | Noticed Duvessa
  3088 | D:4      | Noticed Dowan
  3090 | D:4      | Noticed Menkaure
  3094 | D:4      | Noticed Ijyb
  3236 | D:4      | Reached skill level 6 in Air Magic
  3318 | D:4      | Killed Ijyb
  3810 | D:5      | Entered Level 5 of the Dungeon
  3905 | D:5      | Reached XP level 7. HP: 37/37 MP: 9/14
  3981 | D:5      | Got a steaming mace
  3982 | D:5      | Identified the +0 mace of Peril {holy, Dex+2} (You found it on level 5 of the Dungeon)
  3990 | D:5      | Reached skill level 1 in Fighting
  4031 | D:5      | Noticed a troll
  4262 | D:5      | Reached skill level 7 in Air Magic
  4329 | D:5      | Found a glowing silver altar of Zin.
  4415 | D:5      | Found an ancient bone altar of Kikubaaqudgha.
  4432 | D:5      | Found a sparkling altar of Nemelex Xobeh.
  4443 | D:5      | Found Xuxithrin's Food Shoppe.
  5282 | D:5      | Reached XP level 8. HP: 39/43 MP: 10/16
  5291 | D:5      | Reached skill level 8 in Air Magic
  5362 | D:5      | Found Efrunt's General Store.
  5365 | D:5      | Bought a scroll of remove curse for 42 gold pieces
  5790 | D:6      | Found a staircase to the Ecumenical Temple.
  5794 | D:6      | Reached skill level 5 in Spellcasting
  5801 | Temple   | Entered the Ecumenical Temple
  5824 | Temple   | Became a worshipper of Sif Muna the Loreminder
  6014 | D:6      | Found a shimmering altar of Xom.
  6061 | D:6      | Reached skill level 5 in Conjurations
  6110 | D:6      | Learned a level 1 spell: Magic Dart
  6114 | D:6      | Learned a level 3 spell: Mephitic Cloud
  6118 | D:6      | Learned a level 3 spell: Conjure Flame
  6251 | D:7      | Reached skill level 1 in Fire Magic
  6373 | D:7      | Reached skill level 9 in Air Magic
  7236 | D:6      | Reached * piety under Sif Muna
  7646 | D:7      | Reached XP level 9. HP: 47/47 MP: 10/18
  7807 | D:7      | Reached skill level 10 in Air Magic
  7886 | D:7      | Found a radiant altar of Vehumet.
  7886 | D:7      | Found a burning altar of Makhleb.
  7887 | D:7      | Reached skill level 1 in Maces & Flails
  8213 | D:7      | Reached ** piety under Sif Muna
  8578 | D:8      | Found Tuhym's Antique Armour Emporium.
  8584 | D:8      | Bought a pair of ichor-stained gloves for 228 gold pieces
  8584 | D:8      | Bought a glowing hat for 168 gold pieces
  8589 | D:8      | Identified the cursed -6 pair of gloves of Incorporation {rF+++ Str-5 Int-3} (You bought it in a shop on level 8 of the Dungeon)
  8905 | D:8      | Reached skill level 11 in Air Magic
  9404 | D:8      | Found a runed door.
  9473 | D:8      | Found a runed door.
  9473 | D:8      | Noticed an orange crystal statue
  9543 | D:8      | Noticed a hornet
  9546 | D:8      | Killed a hornet
 10433 | D:9      | Found a basalt altar of Yredelemnul.
 10584 | D:9      | Reached *** piety under Sif Muna
 10749 | D:9      | Reached skill level 12 in Air Magic
 10749 | D:9      | Reached XP level 10. HP: 52/52 MP: 8/21
 11276 | D:10     | Entered Level 10 of the Dungeon
 11351 | D:10     | Noticed Urug
 11362 | D:10     | HP: 1/52 [Urug/javelin (20)]
 11717 | D:10     | Noticed Kenran's ghost (novice DsCK)
 11723 | D:10     | Killed Kenran's ghost
 11862 | D:10     | Found Baecaf's Food Shop.
 12035 | D:10     | Noticed a death knight
 12158 | D:10     | Found Foam's Distillery.
 12530 | D:10     | Bought a potion of mutation for 96 gold pieces
 12530 | D:10     | Gained mutation: You tend to lose your temper in combat. [potion of mutation]
 12530 | D:10     | Gained mutation: Scrolls take you a little longer to read. [potion of mutation]
 12530 | D:10     | Gained mutation: You are agile. (Dex +2) [potion of mutation]
 12531 | D:10     | Lost mutation: Scrolls take you a little longer to read. [potion of mutation]
 12531 | D:10     | Lost mutation: You are agile. (Dex +2) [potion of mutation]
 12531 | D:10     | Gained mutation: You are partially covered in thin metallic scales. (AC +2) [potion of mutation]
 12531 | D:10     | Gained mutation: You are frail. (-10% HP) [potion of mutation]
 12531 | D:10     | Gained mutation: You evolve. [potion of mutation]
 12535 | D:10     | Paralysed by a hornet for 3 turns
 12763 | D:10     | Identified a scroll of acquirement
 13014 | D:10     | Killed Urug
 13014 | D:10     | Reached **** piety under Sif Muna
 13014 | D:10     | Reached skill level 13 in Air Magic
 13237 | D:11     | Found a staircase to the Lair.
 13362 | D:11     | Noticed Fannar
 13401 | D:11     | Slain by a yak

Vault maps used:
D:1:      lightli_arrival_chessboard, minmay_pentomino_u4
D:3:      kennysheep_pointless_box, minmay_ogre_servants
D:4:      first_bread, uniq_duvessa, uniq_menkaure, uniq_ijyb
D:5:      nemelex_xobeh_ov_fountains_minmay, overflow_temple_1_default,
          basic_altar, serial_shops, kennysheep_mini_moat, shop,
          lemuel_flame_loot_1
D:6:      minmay_temple_entry_mist, xom_confusion_cloud
D:7:      grunt_temple_overflow_lords_of_destruction
D:8:      serial_shops, nicolae_shop_trees, blue_anna_alchemist,
          nrook_mini_vaults, hangedman_abyss_or_decor_stagger, kennysheep_nub,
          hex_tiny, hex_large, chequers_guarded_unrand_ignorance
D:9:      basic_altar
D:10:     serial_shops, nicolae_shop_statue_plus, nicolae_shop_trees,
          nicolae_shop_statue_plus, shop, small_statue_intersection, uniq_urug
D:11:     minmay_lair_entry_grove, zombieorc2_lemuel, serial_shops, shop_statue,
          uniq_fannar
Temple:   regret_index_temple_mists

Skill      XL: |  1  2  3  4  5  6  7  8  9 10 |
---------------+-------------------------------+-----
Conjurations   | 2 3 4 5 6 8 |  8.1
Air Magic      | 5 6 7 9 12 13 | 13.7
Spellcasting   | 3 4 5 6 7 |  7.7
Short Blades   | 1 |  1.2
Dodging        | 3 |  3.5
Fighting       | 1 |  1.5
Fire Magic     | 2 3 4 |  4.8
Stealth        | 3 |  3.2
Maces & Flails | 1 |  1.5
Shields        | |  0.2
Poison Magic   | |  0.2
Evocations     | |  0.4

Action                   |  1- 3 |  4- 6 |  7- 9 | 10-12 || total
-------------------------+-------+-------+-------+-------++-------
Melee: Dagger            |    20 |    30 |       |       ||    50
       Kick              |     2 |     5 |    18 |     8 ||    33
       Peck              |     1 |     2 |     4 |     6 ||    13
       Mace              |       |       |    50 |    22 ||    72
 Cast: Shock             |    66 |    98 |   155 |    22 ||   341
       Static Discharge  |       |     4 |     2 |       ||     6
       Airstrike         |       |       |    71 |    51 ||   122
       Mephitic Cloud    |       |       |     2 |       ||     2
       Conjure Flame     |       |       |       |     5 ||     5
Invok: Divine Energy     |       |       |     1 |       ||     1
       Channel Magic     |       |       |       |     1 ||     1
 Abil: Fly               |       |     8 |    34 |    17 ||    59
Evoke: Wand              |       |       |       |     5 ||     5
  Use: Scroll            |     1 |       |     6 |     9 ||    16
       Potion            |       |     3 |     2 |     3 ||     8
 Stab: Confused          |       |       |     1 |       ||     1
       Sleeping          |       |       |       |     1 ||     1
  Eat: Chunk             |     2 |     9 |    31 |     9 ||    51
       Bread ration      |       |       |     1 |     1 ||     2
       Royal jelly       |       |       |     1 |     1 ||     2
Armor: Robe              |     8 |     6 |     8 |    14 ||    36
Dodge: Dodged            |    10 |    28 |    36 |    28 ||   102
Block: Buckler           |       |       |     2 |     7 ||     9
